 Seeded DCSS version 0.28-a0-863-g8cecda6153 (webtiles) character file.

Game seed: 8570300359430318674 (custom seed)

105 a11behringer the Chopper (level 4, -1/40 HPs)
             Began as a Hill Orc Fighter on Nov 17, 2021.
             Slain by a sky beast (6 damage)
             ... on level 3 of the Dungeon.
             The game lasted 00:06:46 (2968 turns).

a11behringer the Chopper (Hill Orc Fighter)         Turns: 2968, Time: 00:06:46

Health: -1/40      AC: 14    Str: 19    XL:     4   Next: 83%
Magic:  4/4        EV:  5    Int:  8    God:
Gold:   183        SH:  4    Dex: 10    Spells: 3/3 levels left

rFire   . . .      SeeInvis .   a - +0 war axe
rCold   . . .      Faith    .   c - +0 buckler
rNeg    . . .      Spirit   .   k - +1 plate armour
rPois   .          Reflect  .   (no helmet)
rElec   .          Harm     .   (no cloak)
rCorr   .          Rampage  .   p - +0 pair of gloves
Will    .....                   (no boots)
Stlth   ..........              (no amulet)
HPRegen 0.13/turn               m - ring of flight
MPRegen 0.09/turn               (no ring)

@: mighty, flying
A: no striking features
a: no special abilities


You were on level 3 of the Dungeon.
You visited 1 branch of the dungeon, and saw 3 of its levels.

You collected 183 gold pieces.

Inventory:

Hand Weapons
 a - a +0 war axe (weapon)
Missiles
 q - 14 poisoned darts (quivered)
Armour
 b - a +0 scale mail
 c - a +0 buckler (worn)
 k - a +1 plate armour (worn)
 p - a +0 pair of gloves (worn)
Jewellery
 m - a ring of flight (left hand)
Scrolls
 g - a scroll of torment
 l - a scroll of enchant armour
 s - a scroll of blinking {unknown}
Potions
 e - a potion of magic {unknown}
 h - a potion of haste {unknown}
 i - 2 potions of degeneration
 j - a potion of invisibility
 n - a potion of cancellation {unknown}
 o - a potion of berserk rage {unknown}
 r - a potion of curing {unknown}


   Skills:
 + Level 4.1 Fighting
 * Level 5.0 Axes
 + Level 4.1 Armour
 + Level 3.6 Shields


You had 3 spell levels left.
You didn't know any spells.
Your spell library was empty.

Dungeon Overview and Level Annotations

Branches:
Dungeon (3/15)

Altars:
Vehumet

Shops:
D:1 [


Message History

The sky beast completely misses you.
You miss the sky beast. The sky beast barely misses you.
The sky beast flickers out of sight!
Deactivating autopickup; reactivate with Ctrl-A.
Something hits you but does no damage.
You closely miss something. Something hits you. Something shocks you.
You barely miss something. Something hits you but does no damage.
You barely miss something.
A sky beast appears from thin air!
Reactivating autopickup.
The sky beast barely misses you.
The sky beast hits you but does no damage.
You barely miss the sky beast.
The sky beast hits you but does no damage.
You barely miss the sky beast.
The sky beast flickers out of sight!
Deactivating autopickup; reactivate with Ctrl-A.
You block something's attack.
You completely miss something. Something hits you but does no damage.
You closely miss something. Something hits you. Something shocks you.
Something hits you but does no damage.
You barely miss something. Something hits you but does no damage.
You slash something! Something hits you. Something shocks you.
You closely miss something.
Something hits you but does no damage. x2
You hit something. Something hits you but does no damage.
You barely miss something. Something hits you but does no damage.
You miss something. Something hits you. Something shocks you.
You miss something. Something hits you.
* * * LOW HITPOINT WARNING * * *
Something shocks you.
* * * LOW HITPOINT WARNING * * *
A sky beast appears from thin air!
Reactivating autopickup.
The sky beast hits you but does no damage.
You feel very mighty all of a sudden.
The sky beast hits you but does no damage.
You hit the sky beast.
The sky beast is heavily wounded.
The sky beast hits you.
* * * LOW HITPOINT WARNING * * *
The sky beast shocks you.
You die...

#.# ###...#.## ###.# #........##
#...# ######.........# #.###
####.............## #.#
#..>....##....#.#### #.#
#.......##....#.###. #.#
#................... #.#
#..≈....##.###...##. #.#
#.Y@....##.###...### #.#
#..........#.......# #.#
############........#
##.####.####### #........#
#.............# #.##...###
###..........##.# #.##...#
#..(...)...#.##.####.######
#####.....))...#.........#######
............##.#.##.#####......#


You could see a sky beast.

Vanquished Creatures
  3 gnolls (D:3)
  An adder (D:3)
  4 worms
  3 orcs (D:3)
  A ball python (D:1)
  4 endoplasms
  A giant cockroach (D:1)
  4 hobgoblins
  11 jackals
  3 bats
  6 frilled lizards
  A goblin (D:2)
  5 kobolds
  8 rats (D:1)
55 creatures vanquished.

Notes
Turn   | Place    | Note
-------+----------+-------------------------------------------
     0 | D:1      | a11behringer the Hill Orc Fighter began the quest for the
                  | Orb.
     0 | D:1      | Reached XP level 1. HP: 19/19 MP: 1/1
   442 | D:1      | Reached XP level 2. HP: 23/27 MP: 2/2
   459 | D:1      | Reached skill level 3 in Axes
   966 | D:1      | Found Monkesim's Armour Shoppe.
   975 | D:1      | Reached XP level 3. HP: 31/33 MP: 3/3
  1164 | D:2      | Found a radiant altar of Vehumet.
  1844 | D:2      | Reached skill level 4 in Axes
  2247 | D:3      | Reached XP level 4. HP: 34/40 MP: 4/4
  2673 | D:3      | Reached skill level 5 in Axes
  2944 | D:3      | Noticed a sky beast
  2968 | D:3      | Slain by a sky beast

Illustrated notes

Levels and vault maps discovered:
D:1:      sevenhm_arrival_forest_fort_small_4, layout_loops_ring, serial_shops,
          shop, minmay_rat_gold_closets
D:2:      layout_basic, basic_altar, kennysheep_boxes
D:3:      minmay_goblin_kobold_castle, layout_loops_cross,
          kennysheep_generic_room_16

Skill      XL: |  1  2  3  4 |
---------------+-------------+-----
Axes           | 3 4 5 |  5.0
Fighting       | 4 |  4.1
Armour         | 4 |  4.1
Shields        | |  3.6

Action                   |  1- 3 |  4- 6 || total
-------------------------+-------+-------++-------
Melee: War axe           |   150 |    47 ||   197
  Use: Scroll            |     3 |     2 ||     5
       Potion            |       |     1 ||     1
Armor: Scale mail        |     4 |       ||     4
       Plate armour      |    83 |    25 ||   108
Dodge: Dodged            |    49 |     8 ||    57
Block: Buckler           |    46 |     3 ||    49

Table legend: (Time is in decaauts)
 A = Elapsed time spent in this place.
 B = Non-inter-level travel time spent in this place.
 C = Inter-level travel time spent in this place.
 D = Time resting spent in this place.
 E = Time spent auto-exploring this place.
 F = Levels seen in this place.
 G = Mean time per level.
                   A        B        C        D        E       F      G
               +--------+--------+--------+--------+--------+-----+--------+
         Total |   3039 |   2789 |    250 |      0 |   2317 |   3 | 1013.0 |
       Dungeon |   3039 |   2789 |    250 |      0 |   2317 |   3 | 1013.0 |
               +--------+--------+--------+--------+--------+-----+--------+

Top non-repeatable levels by time:
     D:1: 1201 daAuts
     D:2: 966 daAuts
     D:3: 871 daAuts
